Map: Radhuset Station LE

Players

SubN - Winner!

  • Race: Zerg Zerg
  • League: Diamond
  • Spawn Location: 1:00

ROLEX

  • Race: Protoss Protoss
  • League: Diamond
  • Spawn Location: 7:00

VOD

Have the link to the VOD?

Description

Time

  • Played on: Nov. 22, 2023, 3:55 p.m.
  • Length: 4:28
Show
View Real Time Build Order
Export as new Build Order

SubN Zerg - Winner!

Build Orders: Hatch First 

Get SALT Encoding   

  12  0:00  Drone  
  13  0:12  Overlord  
  13  0:20  Drone  
  14  0:30  Drone x2  
  16  0:50  Hatchery  
  16  0:54  Drone  
  16  0:56  Drone  
  17  0:59  Drone  
  17  1:02  Extractor  
  17  1:19  Spawning Pool  
  17  1:21  Drone  
  17  1:22  Drone  
  18  1:27  Drone  
  19  1:38  Drone  
  20  1:50  Overlord  
  20  2:05  Queen x2  
  20  2:07  Zergling x4  
  26  2:12  Drone  
  27  2:18  Metabolic Boost  
  27  2:23  Drone  
  27  2:25  Drone  
  27  2:28  Drone  
  30  2:34  Drone  
  31  2:49  Queen  
  31  2:50  Queen  
  35  2:54  Drone  
  35  2:55  Overlord  
  36  3:02  Overlord  
  36  3:17  Hatchery  
  35  3:25  Drone x6  
  41  3:34  Drone x3  
  44  3:43  Drone  
  45  3:52  Roach Warren  
  45  3:54  Evolution Chamber  
  43  3:58  Evolution Chamber  
  43  4:02  Drone x5  
Show
View Real Time Build Order
Export as new Build Order

ROLEX Protoss 

Build Orders:  

Get SALT Encoding   

  12  0:02  Probe  
  13  0:44  Probe  
  14  0:56  Probe  
  15  1:17  Pylon  
  15  1:22  Assimilator  
  15  1:26  Pylon  
  15  1:30  Assimilator  
  15  1:35  Probe  
  16  1:47  Probe  
Tags
 
Add a new tag
Caveats
  • Supply blocks, unpowered buildings, or Contaminate may cause inaccurate times.
  • Supply counts are checked every 10 seconds.